 Dungeon Crawl Stone Soup version 0.29.1-15-g9cfb28693d (webtiles) character file.

Game seed: 16212569852084727569

16 Heoruswealwe the Caller (level 2, 0/15 HPs)
             Began as a Deep Elf Summoner on Feb 25, 2023.
             Was a Follower of Cheibriados.
             Slain by an adder (4 damage)
             ... on level 2 of the Dungeon.
             The game lasted 00:07:48 (632 turns).

Heoruswealwe the Caller (Deep Elf Summoner)          Turns: 632, Time: 00:07:49

Health: 0/15       AC:  2    Str:  8    XL:     2   Next: 41%
Magic:  7/8        EV: 13    Int: 22    God:    Cheibriados [*.....]
Gold:   49         SH:  0    Dex: 18    Spells: 7/8 levels left

rFire   . . .      SeeInvis .   i - +0 short sword
rCold   . . .      Faith    .   (no shield)
rNeg    . . .      Spirit   .   a - +0 robe
rPois   .          Reflect  .   (no helmet)
rElec   .          Harm     .   (no cloak)
rCorr   .          Rampage  .   (no gloves)
Will    .....                   (no boots)
Stlth   ++........              (no amulet)
HPRegen 0.05/turn               (no ring)
MPRegen 0.11/turn               (no ring)

@: lethally poisoned (0 -> -4), very slow
A: no striking features
a: Renounce Religion, Bend Time


You were on level 2 of the Dungeon.
You worshipped Cheibriados.
Cheibriados was aware of your devotion.
You visited 1 branch of the dungeon, and saw 2 of its levels.

You collected 49 gold pieces.

Inventory:

Hand Weapons
 e - a +0 club
 i - a +0 short sword (weapon)
 k - a +0 club
 l - a +0 dagger
 m - a +0 short sword
Missiles
 d - 26 stones
 h - 2 boomerangs of dispersal
Armour
 a - a +0 robe (worn)
 j - a +0 scale mail
Scrolls
 c - 2 scrolls of identify {unknown}
 g - a scroll of noise {unknown}
 n - a scroll of immolation {unknown}
Potions
 b - a potion of magic
 f - a potion of berserk rage {unknown}


   Skills:
 - Level 2.4 Dodging
 - Level 2.4 Stealth
 + Level 3.7 Spellcasting
 + Level 4.8 Summonings


You had 7 spell levels left.
You knew the following spells:

 Your Spells              Type           Power      Damage    Failure   Level
a - Summon Small Mammal   Summ           100%       N/A       1%          1

Your spell library contained the following spells:

 Spells                   Type           Power      Damage    Failure   Level
 Call Imp                 Summ           25%        N/A       2%          2
 Call Canine Familiar     Summ           25%        N/A       4%          3
 Summon Guardian Golem    Hex/Summ       14%        N/A       13%         3
 Ensorcelled Hibernation  Hex/Ice        8%         N/A       17%         2
 Passwall                 Tmut/Erth      3%         N/A       17%         2
 Portal Projectile        Hex/Tloc       8%         N/A       34%         3
 Swiftness                Air            4%         N/A       34%         3
 Tukima's Dance           Hex            4%         N/A       34%         3
 Summon Lightning Spire   Summ/Air       14%        N/A       38%         4
 Blade Hands              Tmut           2%         N/A       97%         5


Dungeon Overview and Level Annotations

Branches:
Dungeon (1/15)

Altars:
Cheibriados


Message History

You see here 6 stones.
You swap places.
The bat closely misses you.
Your bat closely misses the bat.
Your bat misses the bat. The bat closely misses you.
You see here 6 stones.
d - 26 stones (gained 6)
The bat hits you but does no damage. The bat misses your bat.
Your bat barely misses the bat.
The bat completely misses you.
You barely miss the bat.
The bat is moderately wounded.
Your bat misses the bat. The bat closely misses you.
Your bat barely misses the bat.
Your bat misses the bat. You hit the bat.
You kill the bat!
Cheibriados thoroughly appreciates the change of pace.
Your bat disappears in a puff of smoke!
An adder comes into view.
You see here 11 gold pieces.
Your rat barely misses the adder.
The adder bites your rat.
Your rat dies!
Your rat's corpse disappears in a puff of smoke!
The adder closely misses your quokka.
Your quokka barely misses the adder.
The adder closely misses your quokka.
Your quokka misses the adder. Your quokka misses the adder.
Your quokka bites the adder but does no damage.
You barely miss the adder. The adder closely misses you.
Your quokka barely misses the adder.
The adder bites you.
You are lethally poisoned!
The adder poisons you!
You miss the adder.
You feel sick.
Your quokka misses the adder. The adder barely misses you.
You hit the adder.
The adder is moderately wounded.
Your quokka barely misses the adder.
The adder bites you but does no damage.
Your quokka closely misses the adder.
You hit the adder.
The adder is moderately wounded.
* * * LOW HITPOINT WARNING * * *
You feel sick. The adder bites you.
You die...

.......#.# #.#
.......#†###.######
.......#.†........#
..................#
#######...........#
#...........#
#...........#
#...........##
#....#.#..@..#
#....#.#..S..#
#....#.#.$r..#
#....#.#.....#
+....#.#.....#
#....#.#.....#
##...........#
#...#.......#
#...#.......#


You could see an adder (ally target) and a friendly quokka (summoned).

Vanquished Creatures
  2 bats (D:2)
  A kobold (D:2)
  A rat (D:2)
4 creatures vanquished.

Vanquished Creatures (collateral kills)
  A worm (D:1)
  A bat (D:2)
  An endoplasm (D:1)
  A hobgoblin (D:1)
  A kobold (D:1)
  A quokka (D:1)
  A ball python (D:1)
  A frilled lizard (D:1)
8 creatures vanquished.

Vanquished Creatures (others)
  2 demonic plants (D:1)
  A plant (D:1)
3 creatures vanquished.

Grand Total: 15 creatures vanquished

Notes
Turn   | Place    | Note
-------+----------+-------------------------------------------
     0 | D:1      | Heoruswealwe the Deep Elf Summoner began the quest for the
                  | Orb.
     0 | D:1      | Reached XP level 1. HP: 10/10 MP: 6/6
   291 | D:1      | Found a faded altar of an unknown god.
   291 | D:1      | Noticed a chaos spawn
   300 | D:1      | Prayed at the altar of an unknown god.
   300 | D:1      | Became a worshipper of Cheibriados the Contemplative
   300 | D:1      | Reached * piety under Cheibriados
   430 | D:1      | Reached XP level 2. HP: 15/15 MP: 5/8
   569 | D:1      | You fall into a shaft and drop 1 floor!
   632 | D:2      | Slain by an adder

Illustrated notes

Levels and vault maps discovered:
D:1:      onia_arrival_mini_maze_b, layout_basic,
          dreamdust_ecumenical_altar_sealed_demon, minmay_tetromino_i4
D:2:      layout_basic

Action                   || total
-------------------------++-------
Melee: Club              ||     8
       Unarmed           ||     5
       Short sword       ||    16
 Cast: Summon Small Mamm ||    11
Armor: Robe              ||     3
Dodge: Dodged            ||    18
